MLB
WASHINGTON NATIONALS @ PITTSBURGH PIRATES
07/17/2023
 
TOP OF THE 1ST
Washington Nationals batting - Pitching for Pittsburgh Pirates : RHP Mike Burrows
Pitching: RHP Mike Burrows
Batting: LHB CJ Abrams 0-0: Ball
1-0: Ball
2-0: Foul Ball, location: 23F
2-1: Ball
3-1: Fly out, F2 (Popup, 2L, EV 90.6 MPH)
Batting: LHB Corey Dickerson 0-0: Fly out, F6 (Popup, 6, EV 58.1 MPH)
Batting: SHB Keibert Ruiz 0-0: Called Strike
0-1: Foul Ball, location: 5FF
0-2: Strikes out looking
Top of the 1st over - 0 runs, 0 hits, 0 errors, 0 left on base; Washington 0 - Pittsburgh 0
BOTTOM OF THE 1ST
Pittsburgh Pirates batting - Pitching for Washington Nationals : RHP Josiah Gray
Pitching: RHP Josiah Gray
Batting: RHB Ke'Bryan Hayes 0-0: Ball
1-0: Ball
2-0: Ball
3-0: Called Strike
3-1: Foul Ball, location: 2F
3-2: SINGLE (Flyball, 3D, EV 85.6 MPH)
Batting: RHB Jared Triolo 0-0: Ball
1-0: Ball
2-0: Foul Ball, location: 9LMF
2-1: Foul Ball, location: 2F
2-2: Grounds into double play, 5-4-3 (Groundball, 56S, EV 83.1 MPH)
Batting: SHB Bryan Reynolds 0-0: Foul Ball, location: 5SF
0-1: Foul Ball, location: 5F
0-2: Strikes out swinging
Bottom of the 1st over - 0 runs, 1 hit, 0 errors, 0 left on base; Washington 0 - Pittsburgh 0
TOP OF THE 2ND
Washington Nationals batting - Pitching for Pittsburgh Pirates : RHP Mike Burrows
Batting: LHB Dominic Smith 0-0: Ground out 4-3 (Groundball, 4, EV 81.3 MPH)
Batting: RHB Cain Abadee 0-0: Swinging Strike
0-1: Foul Ball, location: 5FF
0-2: Fly out, F9 (Flyball, 89S, EV 86.9 MPH)
Batting: SHB Jeimer Candelario 0-0: Fly out, F7 (Flyball, 7LM, EV 104.4 MPH)
Top of the 2nd over - 0 runs, 0 hits, 0 errors, 0 left on base; Washington 0 - Pittsburgh 0
BOTTOM OF THE 2ND
Pittsburgh Pirates batting - Pitching for Washington Nationals : RHP Josiah Gray
Batting: SHB Carlos Santana 0-0: Foul Ball, location: 5SF
0-1: Called Strike
0-2: Ball
1-2: Foul Ball, location: 2F
1-2: Ball
2-2: Strikes out looking
Batting: SHB Rodolfo Castro 0-0: Ball
1-0: Ball
2-0: Ball
3-0: Base on Balls
Batting: RHB Miguel Andújar 0-0: Reached on error, E6 (Groundball, 6, EV 83.8 MPH)
Rodolfo Castro to second
Batting: RHB Matt Gorski 0-0: Ball
1-0: Called Strike
1-1: Called Strike
1-2: Foul Ball, location: 9LMF
1-2: Ball
2-2: Ball
3-2: Strikes out swinging
Batting: RHB Andrew McCutchen 0-0: Called Strike
0-1: Swinging Strike
0-2: Ball
1-2: Fly out, F3 (Popup, 23F, EV 73.8 MPH)
Bottom of the 2nd over - 0 runs, 0 hits, 1 error, 2 left on base; Washington 0 - Pittsburgh 0
TOP OF THE 3RD
Washington Nationals batting - Pitching for Pittsburgh Pirates : RHP Mike Burrows
Batting: LHB Luis Garcia 0-0: Ball
1-0: Called Strike
1-1: SOLO HOME RUN (Line Drive, 9D, EV 106.3 MPH), Distance : 410 ft
Batting: RHB Alex Call 0-0: Ball
1-0: Fly out, F3 (Popup, 3SF, EV 77.5 MPH)
Batting: RHB Lane Thomas 0-0: Ball
1-0: Ball
2-0: Ball
3-0: Called Strike
3-1: Reached on error, E6 (Groundball, P, EV 89.4 MPH)
Batting: LHB CJ Abrams 0-0: Swinging Strike
0-1: Ball
1-1: Swinging Strike
Lane Thomas steals 2nd base
1-2: Foul Ball, location: 9LMF
1-2: Ball
2-2: Ball
3-2: Foul Ball, location: 2F
3-2: Base on Balls
Batting: LHB Corey Dickerson 0-0: Ball
1-0: DOUBLE (Flyball, 89D, EV 108.1 MPH)
Lane Thomas scores
CJ Abrams to third
Runner from 3rd tries for Home, SAFE, no throw by CF
Batting: SHB Keibert Ruiz 0-0: Called Strike
0-1: Swinging Strike
0-2: Ball
1-2: Foul Ball, location: 2F
1-2: Ball
2-2: Strikes out swinging
Batting: LHB Dominic Smith 0-0: 2-RUN HOME RUN (Flyball, 89XD, EV 105.0 MPH), Distance : 419 ft
Batting: RHB Cain Abadee 0-0: Swinging Strike
0-1: Foul Ball, location: 2F
0-2: Foul Ball, location: 5SF
0-2: Ball
1-2: Ball
2-2: SOLO HOME RUN (Flyball, 8LXD, EV 102.5 MPH), Distance : 410 ft
Batting: SHB Jeimer Candelario 0-0: Ball
1-0: Ball
2-0: Ball
3-0: Base on Balls
Batting: LHB Luis Garcia 0-0: Called Strike
0-1: Ball
1-1: Ball
2-1: Called Strike
2-2: Strikes out swinging
Top of the 3rd over - 6 runs, 4 hits, 1 error, 1 left on base; Washington 6 - Pittsburgh 0
BOTTOM OF THE 3RD
Pittsburgh Pirates batting - Pitching for Washington Nationals : RHP Josiah Gray
Batting: RHB Austin Hedges 0-0: Ball
1-0: Called Strike
1-1: Ball
2-1: SINGLE (Line Drive, 7S, EV 104.4 MPH)
Batting: RHB Ke'Bryan Hayes 0-0: Ball
1-0: Foul Ball, location: 7LMF
1-1: Grounds into double play, 6-4-3 (Groundball, 6, EV 80.0 MPH)
Batting: RHB Jared Triolo 0-0: SINGLE (Groundball, 6MD, EV 105.0 MPH)
Batting: SHB Bryan Reynolds 0-0: Swinging Strike
0-1: Foul Ball, location: 9LSF
0-2: Strikes out swinging
Bottom of the 3rd over - 0 runs, 2 hits, 0 errors, 1 left on base; Washington 6 - Pittsburgh 0
TOP OF THE 4TH
Washington Nationals batting - Pitching for Pittsburgh Pirates : RHP Mike Burrows
Pitching: RHP Vince Velasquez
Batting: RHB Alex Call 0-0: Ball
1-0: Foul Ball, location: 2F
1-1: Ball
2-1: Foul Ball, location: 2LF
2-2: Foul Ball, location: 2F
2-2: Ground out 5-3 (Groundball, 5L, EV 85.0 MPH)
Batting: RHB Lane Thomas 0-0: Called Strike
0-1: Ball
1-1: Fly out, F8 (Flyball, 78D, EV 79.4 MPH)
Batting: LHB CJ Abrams 0-0: Ball
1-0: Ball
2-0: Ball
3-0: Base on Balls
Batting: LHB Corey Dickerson 0-0: Swinging Strike
0-1: Ball
CJ Abrams steals 2nd base
1-1: Ground out 1-3 (Groundball, 13S, EV 73.1 MPH)
Top of the 4th over - 0 runs, 0 hits, 0 errors, 1 left on base; Washington 6 - Pittsburgh 0
BOTTOM OF THE 4TH
Pittsburgh Pirates batting - Pitching for Washington Nationals : RHP Josiah Gray
Batting: SHB Carlos Santana 0-0: Called Strike
0-1: Ball
1-1: Swinging Strike
1-2: Hit by Pitch
Batting: SHB Rodolfo Castro 0-0: Ball
1-0: Fly out, F9 (Flyball, 9, EV 90.6 MPH)
Batting: RHB Miguel Andújar 0-0: Grounds into double play, 6-4-3 (Groundball, 6, EV 80.6 MPH)
Bottom of the 4th over - 0 runs, 0 hits, 0 errors, 0 left on base; Washington 6 - Pittsburgh 0
TOP OF THE 5TH
Washington Nationals batting - Pitching for Pittsburgh Pirates : RHP Vince Velasquez
Batting: SHB Keibert Ruiz 0-0: Ball
1-0: Ground out 3-1 (Groundball, 34, EV 89.4 MPH)
Batting: LHB Dominic Smith 0-0: Foul Ball, location: 7LDF
0-1: Called Strike
0-2: Strikes out swinging
Batting: RHB Cain Abadee 0-0: Called Strike
0-1: Foul Ball, location: 5F
0-2: Ball
1-2: Ball
2-2: Ball
3-2: Strikes out swinging
Top of the 5th over - 0 runs, 0 hits, 0 errors, 0 left on base; Washington 6 - Pittsburgh 0
BOTTOM OF THE 5TH
Pittsburgh Pirates batting - Pitching for Washington Nationals : RHP Josiah Gray
Batting: RHB Matt Gorski 0-0: Ball
1-0: Ball
2-0: Foul Ball, location: 5F, Error on foul ball, E5
2-1: Swinging Strike
2-2: Ball
3-2: Foul Ball, location: 2F
3-2: Foul Ball, location: 2F
3-2: Strikes out swinging
Batting: RHB Andrew McCutchen 0-0: Ball
1-0: Ball
2-0: Foul Ball, location: 3SF
2-1: Foul Ball, location: 2F
2-2: SINGLE (Groundball, 6MD, EV 101.9 MPH)
Batting: RHB Austin Hedges 0-0: Called Strike
0-1: Ball
1-1: Called Strike
1-2: Foul Ball, location: 3F
1-2: Strikes out swinging
Batting: RHB Ke'Bryan Hayes 0-0: Ball
1-0: Ball
2-0: Fly out, F8 (Flyball, 89M, EV 90.6 MPH)
Bottom of the 5th over - 0 runs, 1 hit, 1 error, 1 left on base; Washington 6 - Pittsburgh 0
TOP OF THE 6TH
Washington Nationals batting - Pitching for Pittsburgh Pirates : RHP Vince Velasquez
Batting: SHB Jeimer Candelario 0-0: Ball
1-0: Swinging Strike
1-1: Ground out 4-3 (Groundball, 4, EV 101.9 MPH)
Batting: LHB Luis Garcia 0-0: Called Strike
0-1: Ball
1-1: Swinging Strike
1-2: Ball
2-2: Ball
3-2: Base on Balls
Batting: RHB Alex Call 0-0: Ball
1-0: Ball
2-0: Ball
Wild Pitch!
Luis Garcia to second
3-0: Base on Balls
Pitching: RHP Kyle Nicolas
Batting: RHB Lane Thomas 0-0: Swinging Strike
0-1: Called Strike
0-2: Strikes out looking
Batting: LHB CJ Abrams 0-0: Called Strike
0-1: Ball
1-1: Fielders Choice at 2nd, 6-4 (Groundball, 6, EV 81.3 MPH)
Top of the 6th over - 0 runs, 0 hits, 0 errors, 2 left on base; Washington 6 - Pittsburgh 0
BOTTOM OF THE 6TH
Pittsburgh Pirates batting - Pitching for Washington Nationals : RHP Josiah Gray
Batting: RHB Jared Triolo 0-0: Ball
1-0: Ball
2-0: Foul Ball, location: 2F
2-1: Ball
3-1: Base on Balls
Pitching: LHP Sean Doolittle
Batting: SHB Bryan Reynolds 0-0: Ball
Jared Triolo is caught stealing 2nd base 2-4
1-0: Ball
2-0: Ball
3-0: Base on Balls
Batting: SHB Carlos Santana 0-0: Called Strike
0-1: Foul Ball, location: 9LMF
0-2: Ball
1-2: Ball
2-2: Ball
3-2: Foul Ball, location: 2F
3-2: Foul Ball, location: 2F
3-2: Fly out, F9 (Flyball, 9, EV 91.9 MPH)
Batting: SHB Rodolfo Castro 0-0: Called Strike
0-1: Ball
1-1: Ball
2-1: Ball
3-1: Foul Ball, location: 9LDF
3-2: Fly out, F8 (Line Drive, 78S, EV 94.4 MPH)
Bottom of the 6th over - 0 runs, 0 hits, 0 errors, 1 left on base; Washington 6 - Pittsburgh 0
TOP OF THE 7TH
Washington Nationals batting - Pitching for Pittsburgh Pirates : RHP Kyle Nicolas
Batting: LHB Corey Dickerson 0-0: Ball
1-0: Foul Ball, location: 7LDF
1-1: Ball
2-1: Ball
3-1: Foul Ball, location: 3SF
3-2: Ground out 5-3 (Groundball, 56, EV 80.0 MPH)
Batting: SHB Keibert Ruiz 0-0: Ground out U3 (Groundball, 3, EV 82.5 MPH)
Batting: LHB Dominic Smith 0-0: Called Strike
0-1: Ball
1-1: Hit by Pitch
Batting: RHB Cain Abadee 0-0: Ball
1-0: Ball
2-0: Ball
3-0: Called Strike
3-1: Foul Ball, location: 2F
3-2: Foul Ball, location: 2F
3-2: Foul Ball, location: 3F
3-2: Base on Balls
Dominic Smith to second
Batting: SHB Jeimer Candelario 0-0: Called Strike
0-1: Swinging Strike
0-2: Ball
1-2: Strikes out swinging
Top of the 7th over - 0 runs, 0 hits, 0 errors, 2 left on base; Washington 6 - Pittsburgh 0
BOTTOM OF THE 7TH
Pittsburgh Pirates batting - Pitching for Washington Nationals : LHP Sean Doolittle
Batting: RHB Miguel Andújar 0-0: Ball
1-0: Fly out, F7 (Flyball, 7LS, EV 94.4 MPH)
Batting: RHB Matt Gorski 0-0: Swinging Strike
0-1: Called Strike
0-2: Ball
1-2: Ball
2-2: Foul Ball, location: 7LMF
2-2: Strikes out swinging
Batting: RHB Andrew McCutchen 0-0: Called Strike
0-1: Swinging Strike
0-2: Strikes out swinging
Bottom of the 7th over - 0 runs, 0 hits, 0 errors, 0 left on base; Washington 6 - Pittsburgh 0
TOP OF THE 8TH
Washington Nationals batting - Pitching for Pittsburgh Pirates : RHP Kyle Nicolas
Batting: LHB Luis Garcia 0-0: Ball
1-0: Ball
2-0: Called Strike
2-1: Foul Ball, location: 2F
2-2: Strikes out looking
Pitching: RHP Trevor Richards
Batting: RHB Alex Call 0-0: Ball
1-0: Swinging Strike
1-1: Fly out, F8 (Line Drive, 78D, EV 83.8 MPH)
Batting: RHB Lane Thomas 0-0: Ball
1-0: Called Strike
1-1: Fly out, F5 (Popup, 56, EV 80.6 MPH)
Top of the 8th over - 0 runs, 0 hits, 0 errors, 0 left on base; Washington 6 - Pittsburgh 0
BOTTOM OF THE 8TH
Pittsburgh Pirates batting - Pitching for Washington Nationals : LHP Sean Doolittle
Pitching: RHP Joan Adon
Batting: RHB Austin Hedges 0-0: Ball
1-0: Ball
2-0: Ball
3-0: Called Strike
3-1: Foul Ball, location: 2F
3-2: Foul Ball, location: 2F
3-2: Fly out, F8 (Flyball, 8RXD, EV 106.3 MPH)
Batting: RHB Ke'Bryan Hayes 0-0: Ball
1-0: Called Strike
1-1: Fly out, F7 (Line Drive, 7, EV 84.4 MPH)
Batting: RHB Jared Triolo 0-0: Called Strike
0-1: Ball
1-1: Swinging Strike
1-2: SINGLE (Line Drive, 78S, EV 101.3 MPH)
Batting: SHB Bryan Reynolds 0-0: Called Strike
0-1: Called Strike
0-2: Foul Ball, location: 3SF
0-2: Ball
1-2: Strikes out swinging
Bottom of the 8th over - 0 runs, 1 hit, 0 errors, 1 left on base; Washington 6 - Pittsburgh 0
TOP OF THE 9TH
Washington Nationals batting - Pitching for Pittsburgh Pirates : RHP Trevor Richards
Batting: LHB CJ Abrams 0-0: Ball
1-0: Ball
2-0: Ground out 5-3 (Groundball, 56, EV 90.0 MPH)
Batting: LHB Corey Dickerson 0-0: Fly out, F2 (Popup, 25F, EV 83.1 MPH)
Batting: SHB Keibert Ruiz 0-0: Called Strike
0-1: Ball
1-1: Fly out, F5 (Popup, 5SF, EV 75.6 MPH)
Top of the 9th over - 0 runs, 0 hits, 0 errors, 0 left on base; Washington 6 - Pittsburgh 0
BOTTOM OF THE 9TH
Pittsburgh Pirates batting - Pitching for Washington Nationals : RHP Joan Adon
Batting: SHB Carlos Santana 0-0: Swinging Strike
0-1: Ground out 5-3 (Groundball, 56, EV 68.1 MPH)
Batting: SHB Rodolfo Castro 0-0: Fly out, F9 (Flyball, 89M, EV 83.8 MPH)
Batting: RHB Miguel Andújar 0-0: Ball
1-0: Called Strike
1-1: Ball
2-1: Ball
3-1: Fly out, F9 (Flyball, 9, EV 93.1 MPH)
Bottom of the 9th over - 0 runs, 0 hits, 0 errors, 0 left on base; Washington 6 - Pittsburgh 0
Wednesday, May 15th , 2024 - OOTP Baseball 24.11 Build 85